Flames vs Wild

Created - 9 novembre 2025 at 10:08

Goals
1 2 3 T
Flames 1 0 0 1
Wild 0 1 1 2
Shots
1 2 3 T
Flames 7 16 6 29
Wild 13 13 14 40

GoalsPenalties
1st period
1. Flames , Tyler Johnson 9 (Kevin Stenlund 4) at 11:57 (PP)
Trevor Carrick (MIN) for High sticking (Minor) at 11:25
2nd period
2. Wild , Yegor Chinakhov 3 (Justin Dowling 8, Jonatan Berggren 6) at 1:05
Hunter Drew (CAL) for Tripping (Minor) at 11:09
3rd period
3. Wild , Jonatan Berggren 5 (Yegor Chinakhov 2, Justin Dowling 9) at 9:10
No Penalty
Goalie Stats
Jack Campbell (CAL), 38 saves from 40 shots - (0,950), L, 1-5-1, 59:22 minutes
Joel Hofer (MIN), 28 saves from 29 shots - (0,966), W, 5-3-4, 60:00 minutes
3 StarsOfficial
1 - Jonatan Berggren (MIN)
2 - Yegor Chinakhov (MIN)
3 - Joel Hofer (MIN)
Referees : Jared Cummins and Frederick L'Ecuyer
Linesman : Kilian McNamara and Michel Cormier
Game Note
5:29 of 2nd period - Penalty Shot by Nils Lundkvist for Wild - Shot Misses the Net
Finance
Level 1 -- Attendance: 4419 (74%) -- Ticket Income $441,900
Level 2 -- Attendance: 3986 (80%) -- Ticket Income $239,160
Level 3 -- Attendance: 2064 (100%) -- Ticket Income $72,240
Level 4 -- Attendance: 2928 (73%) -- Ticket Income $58,560
Luxury Box -- Attendance: 909 (91%) -- Ticket Income $181,800
Game was played at the Xcel Energy Center.
Total Attendance: 14306 (79%)
Total Ticket Income: $993,660
Other Income: $298,098
Total Income: $1,291,758



Team Name Goals Shots Shots Attemp Shots Blocked PIM HIT PP PK FO%
Flames 12954122131 / 2 (50%)049%
Wild 24068122280 / 1 (0%)151%

Flames
Player Name POS G A P +/- PIM HIT SHT SB MP PP MP PP SHT PK MP PK SHT FO% FOT GA TA
Adam FantilliC/LW000-1003220:400:0000:49050% 221
Adam HenriqueC/LW/RW000-1024020:140:0000:25068% 1910
Ben ChiarotD000-100208:350:0000:0000% 000
Darren RaddyshD000000001:530:0000:0000% 100
Florian XhekajLW000-1022122:370:1610:4500% 301
Henry ThrunD0000002210:180:0000:0000% 000
Hunter DrewRW000-1201021:550:1600:00014% 700
Keaton MiddletonD000-1000018:170:1601:0100% 001
Kevin BahlD000-100008:180:0000:0000% 000
Kevin ConnautonD0000000424:140:1600:5800% 001
Kevin StenlundC/RW0110011016:240:1600:2900% 101
Macklin CelebriniC0000022115:260:0000:0000% 100
Matt RempeC/LW/RW0000014021:170:1600:41050% 1600
Nick LeddyD000-1002017:160:1600:5800% 022
Olen ZellwegerD0000000010:350:0000:0000% 000
Riley NashC/LW/RW000-1030020:130:1600:490100% 100
Travis HamonicD0000014223:200:1611:0100% 011
Tyler JohnsonC101-1012016:280:1610:000100% 200
Wild
Player Name POS G A P +/- PIM HIT SHT SB MP PP MP PP SHT PK MP PK SHT FO% FOT GA TA
Andrew PoturalskiC0000025011:030:0800:00050% 1210
Connor CarrickD0000002117:250:0000:0000% 011
Connor ZaryC/LW0000013017:110:5900:32047% 1710
Dominik ShineRW000000000:530:0800:0000% 000
Drake CaggiulaLW0000023014:470:0000:000100% 100
Jonatan BerggrenRW1122043218:560:5200:0000% 110
Justin BaileyRW0000010015:550:5900:0000% 100
Justin DowlingC0222001118:110:5200:00067% 1203
Louie BelpedioD0000010017:250:0000:0000% 000
Marc Del GaizoD0002020220:520:5000:0000% 010
Mike SgarbossaC/RW0000043014:240:0000:00060% 500
Nils HoglanderLW0000028024:521:0000:3200% 111
Nils LundkvistD0002012423:041:0900:3200% 000
Rocco GrimaldiRW0000011014:180:0000:0000% 110
Seth GriffithRW0000010010:490:0000:000100% 101
Tony DeAngeloD0000021121:491:0900:3200% 000
Trevor CarrickD0000202019:300:5000:0000% 010
Yegor ChinakhovLW/RW1122046118:020:5900:0000% 100

Flames

5 vs 5 Forward
Line #Left WingCenterRight WingPHYDFOFWanted %Time %Time Play
1Riley NashAdam HenriqueAdam Fantilli5003534%18:56
2Tyler JohnsonHunter DrewFlorian Xhekaj5002928%16:00
3Kevin StenlundMatt RempeMacklin Celebrini0502127%15:03
4Hunter DrewMatt RempeFlorian Xhekaj5001511%6:15
5 vs 5 Defense
Line #DefenseDefensePHYDFOFWanted %Time %Time Play
1Kevin ConnautonTravis Hamonic5004039%21:44
2Nick LeddyKeaton Middleton5003028%15:54
3Henry ThrunOlen Zellweger0502018%10:18
4Ben ChiarotKevin Bahl5001015%8:18
Power Play Forward
Line #Left WingCenterRight WingPHYDFOFWanted %Time %Time Play
1Riley NashMatt RempeFlorian Xhekaj5005050%0:16
2Kevin StenlundHunter DrewTyler Johnson5005050%0:16
Power Play Defense
Line #DefenseDefensePHYDFOFWanted %Time %Time Play
1Kevin ConnautonTravis Hamonic5005050%0:16
2Nick LeddyKeaton Middleton5005050%0:16
Penalty Kill 4 Players Forward
Line #CenterWingPHYDFOFWanted %Time %Time Play
1Matt RempeFlorian Xhekaj5005016%0:19
2Hunter DrewRiley Nash5005084%1:40
Penalty Kill 4 Players Defense
Line #DefenseDefensePHYDFOFWanted %Time %Time Play
1Keaton MiddletonTravis Hamonic5005051%1:01
2Nick LeddyKevin Connauton5005049%0:58
Penalty Kill 3 Players
Line #WingPHYDFOFWanted %Time %Time PlayDefenseDefensePHYDFOFWanted %Time %Time Play
1Hunter Drew500500%0:00 Kevin ConnautonTravis Hamonic500500%0:00
2Matt Rempe500500%0:00 Olen ZellwegerKeaton Middleton500500%0:00
4 vs 4 Forward
Line #CenterWingPHYDFOFWanted %Time %Time Play
1Hunter DrewFlorian Xhekaj500500%0:00
2Matt RempeRiley Nash500500%0:00
4 vs 4 Defense
Line #DefensePHYDFOFWanted %Time %Time Play
1Travis HamonicKeaton Middleton500500%0:00
2Nick LeddyKevin Connauton500500%0:00
Last Minutes Offensive
Left WingCenterRight WingDefenseDefense
Florian XhekajMatt RempeHunter DrewKeaton MiddletonKevin Connauton
Last Minutes Defensive
Left WingCenterRight WingDefenseDefense
Florian XhekajMatt RempeHunter DrewKeaton MiddletonKevin Connauton
Time
Total ForwardTotal DefenseLast Minutes OffensiveLast Minutes Defensive
60:00 60:00 1:150:00
Extra Forwards
Normal PowerPlayPenalty Kill
Matt Rempe, Florian Xhekaj, Hunter DrewMatt Rempe, Hunter DrewMatt Rempe
Extra Defensemen
Normal PowerPlayPenalty Kill
Kevin Connauton, Keaton Middleton, Henry ThrunKeaton Middleton, Keaton MiddletonKevin Connauton
Penalty Shots
Matt Rempe, Keaton Middleton, Kevin Connauton, Henry Thrun, Olen Zellweger
Goalie
Jack Campbell, Jakub Dobes
Scratches
Brad Hunt (Healthy), Dryden Hunt (Healthy), Jansen Harkins (Healthy), Jacob Moverare (Healthy), Ryan Johansen (Torn Left MCL Injury)

Wild

5 vs 5 Forward
Line #Left WingCenterRight WingPHYDFOFWanted %Time %Time Play
1Yegor ChinakhovJustin DowlingJonatan Berggren3113030%17:03
2Nils HoglanderConnor ZaryJustin Bailey3112625%14:12
3Drake CaggiulaMike SgarbossaRocco Grimaldi2212325%14:18
4Nils HoglanderAndrew PoturalskiSeth Griffith3202119%10:49
5 vs 5 Defense
Line #DefenseDefensePHYDFOFWanted %Time %Time Play
1Marc Del GaizoNils Lundkvist3113636%20:16
2Tony DeAngeloTrevor Carrick3113333%18:41
3Connor CarrickLouie Belpedio4103131%17:25
4Tony DeAngeloNils Lundkvist32000%0:00
Power Play Forward
Line #Left WingCenterRight WingPHYDFOFWanted %Time %Time Play
1Nils HoglanderJustin DowlingJonatan Berggren2215550%1:00
2Yegor ChinakhovConnor ZaryJustin Bailey2214550%0:59
Power Play Defense
Line #DefenseDefensePHYDFOFWanted %Time %Time Play
1Tony DeAngeloNils Lundkvist2215558%1:09
2Marc Del GaizoTrevor Carrick2214542%0:50
Penalty Kill 4 Players Forward
Line #CenterWingPHYDFOFWanted %Time %Time Play
1Connor ZaryNils Hoglander11355100%0:32
2Justin DowlingYegor Chinakhov113450%0:00
Penalty Kill 4 Players Defense
Line #DefenseDefensePHYDFOFWanted %Time %Time Play
1Tony DeAngeloNils Lundkvist11355100%0:32
2Marc Del GaizoTrevor Carrick113450%0:00
Penalty Kill 3 Players
Line #WingPHYDFOFWanted %Time %Time PlayDefenseDefensePHYDFOFWanted %Time %Time Play
1Connor Zary113550%0:00 Tony DeAngeloNils Lundkvist113550%0:00
2Justin Dowling113450%0:00 Marc Del GaizoTrevor Carrick113450%0:00
4 vs 4 Forward
Line #CenterWingPHYDFOFWanted %Time %Time Play
1Connor ZaryNils Hoglander221550%0:00
2Justin DowlingYegor Chinakhov221450%0:00
4 vs 4 Defense
Line #DefensePHYDFOFWanted %Time %Time Play
1Tony DeAngeloNils Lundkvist221550%0:00
2Marc Del GaizoTrevor Carrick221450%0:00
Last Minutes Offensive
Left WingCenterRight WingDefenseDefense
Nils HoglanderConnor ZaryJonatan BerggrenTony DeAngeloNils Lundkvist
Last Minutes Defensive
Left WingCenterRight WingDefenseDefense
Nils HoglanderConnor ZaryJonatan BerggrenTony DeAngeloNils Lundkvist
Time
Total ForwardTotal DefenseLast Minutes OffensiveLast Minutes Defensive
60:00 60:00 0:001:07
Extra Forwards
Normal PowerPlayPenalty Kill
Justin Dowling, Justin Bailey, Mike SgarbossaJustin Dowling, Justin BaileyJustin Dowling
Extra Defensemen
Normal PowerPlayPenalty Kill
Trevor Carrick, Connor Carrick, Louie BelpedioTrevor Carrick, Trevor CarrickConnor Carrick
Penalty Shots
Nils Hoglander, Connor Zary, Yegor Chinakhov, Jonatan Berggren, Justin Dowling
Goalie
Joel Hofer, Spencer Martin
Scratches
Garrett Wilson (Healthy), Jake Bean (Facial Surgery Injury), Greg Meireles (Healthy)


Play-by-Play

1st period


0:01 of 1st period - Adam Henrique wins face-off versus Justin Dowling in neutral zone.
0:06 of 1st period - Snap shot by Adam Henrique.
0:06 of 1st period - Shot Hit the Post.
0:34 of 1st period - Wrist shot by Nils Hoglander.
0:34 of 1st period - Deflect By Connor Zary.
0:34 of 1st period - Shot Hit the Post.
0:34 of 1st period - Puck is out of play.
0:35 of 1st period - Matt Rempe wins face-off versus Connor Zary in Flames zone.
0:35 of 1st period - Matt Rempe is hit by Tony DeAngelo.
1:13 of 1st period - Snap shot by Connor Zary.
1:13 of 1st period - Stopped by Jack Campbell without a rebound.
1:14 of 1st period - Mike Sgarbossa wins face-off versus Florian Xhekaj in Flames zone.
1:39 of 1st period - Mike Sgarbossa is hit by Adam Henrique and loses puck.
2:21 of 1st period - Snap shot by Mike Sgarbossa.
2:21 of 1st period - Stopped by Jack Campbell with a rebound.
2:41 of 1st period - Snap shot by Mike Sgarbossa.
2:41 of 1st period - Deflect By Kevin Stenlund.
2:41 of 1st period - Stopped by Jack Campbell with a rebound.
2:43 of 1st period - Slapshot by Louie Belpedio.
2:43 of 1st period - Shot Blocked by Henry Thrun.
3:25 of 1st period - Wrist shot by Drake Caggiula.
3:25 of 1st period - Stopped by Jack Campbell without a rebound.
3:26 of 1st period - Andrew Poturalski wins face-off versus Hunter Drew in Flames zone.
3:35 of 1st period - Wrist shot by Andrew Poturalski.
3:35 of 1st period - Stopped by Jack Campbell with a rebound.
4:04 of 1st period - Adam Henrique is hit by Jonatan Berggren.
4:31 of 1st period - Hunter Drew is hit by Andrew Poturalski and loses puck.
5:12 of 1st period - Adam Henrique is hit by Nils Lundkvist and loses puck.
6:37 of 1st period - Macklin Celebrini is hit by Seth Griffith and loses puck.
8:53 of 1st period - Wrist shot by Darren Raddysh.
8:53 of 1st period - Shot Blocked by Connor Carrick.
9:05 of 1st period - Nick Leddy is hit by Jonatan Berggren and loses puck.
10:13 of 1st period - Icing by Marc Del Gaizo.
10:14 of 1st period - Andrew Poturalski wins face-off versus Matt Rempe in Wild zone.
10:26 of 1st period - Travis Hamonic is hit by Mike Sgarbossa and loses puck.
10:37 of 1st period - Justin Dowling is hit by Kevin Stenlund and loses puck.
10:51 of 1st period - Off-side.
10:52 of 1st period - Adam Henrique wins face-off versus Connor Zary in neutral zone.
11:03 of 1st period - Backhand shot by Connor Zary.
11:03 of 1st period - Shot Blocked by Adam Fantilli.
11:05 of 1st period - Slapshot by Nils Hoglander.
11:05 of 1st period - Stopped by Jack Campbell with a rebound.
11:07 of 1st period - Wrist shot by Connor Zary.
11:07 of 1st period - Shot Misses the Net.
11:25 of 1st period - Minor Penalty to Trevor Carrick for High sticking.
11:26 of 1st period - Connor Zary wins face-off versus Matt Rempe in Wild zone.
11:29 of 1st period - Off-side.
11:30 of 1st period - Matt Rempe wins face-off versus Connor Zary in neutral zone.
11:35 of 1st period - Slapshot by Florian Xhekaj.
11:35 of 1st period - Stopped by Joel Hofer without a rebound.
11:36 of 1st period - Matt Rempe wins face-off versus Connor Zary in Wild zone.
11:37 of 1st period - Slapshot by Florian Xhekaj.
11:37 of 1st period - Shot Blocked by Tony DeAngelo.
11:39 of 1st period - Slapshot by Florian Xhekaj.
11:39 of 1st period - Shot Misses the Net.
11:41 of 1st period - Slapshot by Travis Hamonic.
11:41 of 1st period - Stopped by Joel Hofer without a rebound.
11:42 of 1st period - Connor Zary wins face-off versus Hunter Drew in Wild zone.
11:57 of 1st period - Wrist shot by Tyler Johnson.
11:57 of 1st period - Goal by Tyler Johnson - Flames : 1 - Wild : 0.
11:58 of 1st period - Justin Dowling wins face-off versus Adam Henrique in neutral zone.
11:58 of 1st period - Justin Dowling is hit by Riley Nash.
12:04 of 1st period - Riley Nash is hit by Yegor Chinakhov and loses puck.
12:25 of 1st period - Travis Hamonic is hit by Mike Sgarbossa and loses puck.
12:52 of 1st period - Travis Hamonic is hit by Connor Zary and loses puck.
13:21 of 1st period - Slapshot by Yegor Chinakhov.
13:21 of 1st period - Stopped by Jack Campbell without a rebound.
13:22 of 1st period - Andrew Poturalski wins face-off versus Florian Xhekaj in Flames zone.
13:49 of 1st period - Jonatan Berggren is hit by Macklin Celebrini and loses puck.
13:58 of 1st period - Snap shot by Yegor Chinakhov.
13:58 of 1st period - Deflect By Kevin Stenlund.
13:58 of 1st period - Shot Blocked by Macklin Celebrini.
13:58 of 1st period - Puck is out of play.
13:59 of 1st period - Connor Zary wins face-off versus Adam Henrique in Flames zone.
14:00 of 1st period - Wrist shot by Nils Hoglander.
14:00 of 1st period - Shot Misses the Net.
14:02 of 1st period - Wrist shot by Connor Zary.
14:02 of 1st period - Shot Hit the Post.
14:29 of 1st period - Slapshot by Matt Rempe.
14:29 of 1st period - Stopped by Joel Hofer with a rebound.
14:31 of 1st period - Snap shot by Hunter Drew.
14:31 of 1st period - Shot Blocked by Nils Lundkvist.
14:33 of 1st period - Snap shot by Hunter Drew.
14:33 of 1st period - Shot Misses the Net.
14:35 of 1st period - Slapshot by Henry Thrun.
14:35 of 1st period - Shot Misses the Net.
14:37 of 1st period - Wrist shot by Olen Zellweger.
14:37 of 1st period - Shot Blocked by Marc Del Gaizo.
14:39 of 1st period - Slapshot by Henry Thrun.
14:39 of 1st period - Stopped by Joel Hofer without a rebound.
14:40 of 1st period - Seth Griffith wins face-off versus Hunter Drew in Wild zone.
14:47 of 1st period - Wrist shot by Tony DeAngelo.
14:47 of 1st period - Shot Blocked by Kevin Connauton.
14:49 of 1st period - Wrist shot by Andrew Poturalski.
14:49 of 1st period - Shot Blocked by Travis Hamonic.
14:51 of 1st period - Snap shot by Andrew Poturalski.
14:51 of 1st period - Stopped by Jack Campbell with a rebound.
14:53 of 1st period - Slapshot by Tony DeAngelo.
14:53 of 1st period - Stopped by Jack Campbell with a rebound.
15:05 of 1st period - Tony DeAngelo is hit by Travis Hamonic and loses puck.
15:16 of 1st period - Slapshot by Yegor Chinakhov.
15:16 of 1st period - Stopped by Jack Campbell with a rebound.
15:50 of 1st period - Slapshot by Tyler Johnson.
15:50 of 1st period - Shot Blocked by Nils Lundkvist.
16:11 of 1st period - Icing by Marc Del Gaizo.
16:12 of 1st period - Matt Rempe wins face-off versus Andrew Poturalski in Wild zone.
16:37 of 1st period - Riley Nash is hit by Drake Caggiula and loses puck.
17:24 of 1st period - Snap shot by Nils Hoglander.
17:24 of 1st period - Stopped by Jack Campbell without a rebound.
17:25 of 1st period - Adam Henrique wins face-off versus Andrew Poturalski in Flames zone.
17:30 of 1st period - Wrist shot by Adam Henrique.
17:30 of 1st period - Shot Misses the Net.
17:32 of 1st period - Snap shot by Adam Fantilli.
17:32 of 1st period - Stopped by Joel Hofer without a rebound.
17:33 of 1st period - Adam Henrique wins face-off versus Connor Zary in Wild zone.
17:36 of 1st period - Snap shot by Adam Fantilli.
17:36 of 1st period - Stopped by Joel Hofer with a rebound.
18:24 of 1st period - Snap shot by Andrew Poturalski.
18:24 of 1st period - Stopped by Jack Campbell without a rebound.
18:25 of 1st period - Adam Henrique wins face-off versus Andrew Poturalski in Flames zone.
18:38 of 1st period - Wrist shot by Nils Hoglander.
18:38 of 1st period - Stopped by Jack Campbell with a rebound.
19:15 of 1st period - Olen Zellweger is hit by Marc Del Gaizo and loses puck.
19:42 of 1st period - Riley Nash is hit by Nils Hoglander and loses puck.
Goals for this period are 1 for Flames vs 0 for Wild.
Shots for this period are 7 for Flames vs 13 for Wild.

2nd period


0:01 of 2nd period - Matt Rempe wins face-off versus Nils Hoglander in neutral zone.
0:08 of 2nd period - Snap shot by Matt Rempe.
0:08 of 2nd period - Stopped by Joel Hofer without a rebound.
0:09 of 2nd period - Connor Zary wins face-off versus Matt Rempe in Wild zone.
0:38 of 2nd period - Tony DeAngelo is hit by Florian Xhekaj and loses puck.
0:47 of 2nd period - Wrist shot by Nils Hoglander.
0:47 of 2nd period - Shot Misses the Net.
0:49 of 2nd period - Slapshot by Trevor Carrick.
0:49 of 2nd period - Stopped by Jack Campbell without a rebound.
0:50 of 2nd period - Adam Henrique wins face-off versus Jonatan Berggren in Flames zone.
1:03 of 2nd period - Snap shot by Justin Dowling.
1:03 of 2nd period - Deflect By Yegor Chinakhov.
1:03 of 2nd period - Stopped by Jack Campbell with a rebound.
1:05 of 2nd period - Wrist shot by Yegor Chinakhov.
1:05 of 2nd period - Goal by Yegor Chinakhov - Flames : 1 - Wild : 1.
1:06 of 2nd period - Hunter Drew wins face-off versus Andrew Poturalski in neutral zone.
1:19 of 2nd period - Snap shot by Nils Hoglander.
1:19 of 2nd period - Shot Misses the Net.
1:21 of 2nd period - Snap shot by Nils Hoglander.
1:21 of 2nd period - Shot Misses the Net.
1:43 of 2nd period - Wrist shot by Hunter Drew.
1:43 of 2nd period - Stopped by Joel Hofer without a rebound.
1:44 of 2nd period - Mike Sgarbossa wins face-off versus Adam Henrique in Wild zone.
2:10 of 2nd period - Nick Leddy is hit by Tony DeAngelo and loses puck.
2:17 of 2nd period - Snap shot by Macklin Celebrini.
2:17 of 2nd period - Stopped by Joel Hofer with a rebound.
2:19 of 2nd period - Slapshot by Ben Chiarot.
2:19 of 2nd period - Stopped by Joel Hofer with a rebound.
2:21 of 2nd period - Slapshot by Ben Chiarot.
2:21 of 2nd period - Deflect By Nils Hoglander.
2:21 of 2nd period - Stopped by Joel Hofer with a rebound.
2:33 of 2nd period - Justin Dowling is hit by Tyler Johnson and loses puck.
3:12 of 2nd period - Slapshot by Nils Hoglander.
3:12 of 2nd period - Stopped by Jack Campbell without a rebound.
3:13 of 2nd period - Connor Zary wins face-off versus Hunter Drew in Flames zone.
3:42 of 2nd period - Wrist shot by Yegor Chinakhov.
3:42 of 2nd period - Stopped by Jack Campbell with a rebound.
3:45 of 2nd period - Icing by Travis Hamonic.
3:46 of 2nd period - Adam Henrique wins face-off versus Mike Sgarbossa in Flames zone.
4:15 of 2nd period - Slapshot by Travis Hamonic.
4:15 of 2nd period - Stopped by Joel Hofer without a rebound.
4:16 of 2nd period - Matt Rempe wins face-off versus Andrew Poturalski in Wild zone.
4:43 of 2nd period - Snap shot by Nils Hoglander.
4:43 of 2nd period - Stopped by Jack Campbell without a rebound.
4:44 of 2nd period - Justin Dowling wins face-off versus Adam Fantilli in Flames zone.
4:55 of 2nd period - Wrist shot by Justin Dowling.
4:55 of 2nd period - Stopped by Jack Campbell without a rebound.
4:56 of 2nd period - Connor Zary wins face-off versus Florian Xhekaj in Flames zone.
5:03 of 2nd period - Snap shot by Nils Hoglander.
5:03 of 2nd period - Shot Misses the Net.
5:05 of 2nd period - Snap shot by Nils Hoglander.
5:05 of 2nd period - Shot Misses the Net.
5:09 of 2nd period - Wrist shot by Connor Zary.
5:09 of 2nd period - Stopped by Jack Campbell without a rebound.
5:10 of 2nd period - Adam Henrique wins face-off versus Justin Dowling in Flames zone.
5:10 of 2nd period - Adam Henrique is hit by Jonatan Berggren.
5:23 of 2nd period - Wrist shot by Adam Henrique.
5:23 of 2nd period - Stopped by Joel Hofer without a rebound.
5:24 of 2nd period - Tyler Johnson wins face-off versus Connor Zary in Wild zone.
5:27 of 2nd period - Snap shot by Tyler Johnson.
5:27 of 2nd period - Shot Blocked by Nils Lundkvist.
5:29 of 2nd period - Penalty Shot by Nils Lundkvist for Wild.
5:29 of 2nd period - Snap shot by Nils Lundkvist.
5:29 of 2nd period - Shot Misses the Net.
5:30 of 2nd period - Drake Caggiula wins face-off versus Hunter Drew in Wild zone.
5:41 of 2nd period - Snap shot by Drake Caggiula.
5:41 of 2nd period - Deflect By Rocco Grimaldi.
5:41 of 2nd period - Stopped by Jack Campbell without a rebound.
5:42 of 2nd period - Adam Henrique wins face-off versus Connor Zary in Flames zone.
6:15 of 2nd period - Off-side.
6:16 of 2nd period - Tyler Johnson wins face-off versus Rocco Grimaldi in neutral zone.
6:21 of 2nd period - Slapshot by Tyler Johnson.
6:21 of 2nd period - Stopped by Joel Hofer with a rebound.
7:03 of 2nd period - Nick Leddy is hit by Mike Sgarbossa and loses puck.
7:08 of 2nd period - Wrist shot by Drake Caggiula.
7:08 of 2nd period - Stopped by Jack Campbell without a rebound.
7:09 of 2nd period - Justin Dowling wins face-off versus Adam Henrique in Flames zone.
8:31 of 2nd period - Snap shot by Adam Henrique.
8:31 of 2nd period - Stopped by Joel Hofer with a rebound.
8:56 of 2nd period - Wrist shot by Adam Henrique.
8:56 of 2nd period - Stopped by Joel Hofer with a rebound.
8:58 of 2nd period - Snap shot by Adam Henrique.
8:58 of 2nd period - Stopped by Joel Hofer with a rebound.
9:00 of 2nd period - Snap shot by Travis Hamonic.
9:00 of 2nd period - Stopped by Joel Hofer without a rebound.
9:01 of 2nd period - Justin Dowling wins face-off versus Matt Rempe in Wild zone.
9:06 of 2nd period - Wrist shot by Matt Rempe.
9:06 of 2nd period - Shot Blocked by Jonatan Berggren.
9:08 of 2nd period - Snap shot by Matt Rempe.
9:08 of 2nd period - Stopped by Joel Hofer without a rebound.
9:09 of 2nd period - Matt Rempe wins face-off versus Yegor Chinakhov in Wild zone.
9:16 of 2nd period - Slapshot by Matt Rempe.
9:16 of 2nd period - Shot Blocked by Justin Dowling.
9:18 of 2nd period - Slapshot by Olen Zellweger.
9:18 of 2nd period - Shot Misses the Net.
9:20 of 2nd period - Snap shot by Henry Thrun.
9:20 of 2nd period - Shot Blocked by Marc Del Gaizo.
9:22 of 2nd period - Slapshot by Henry Thrun.
9:22 of 2nd period - Deflect By Jonatan Berggren.
9:22 of 2nd period - Stopped by Joel Hofer with a rebound.
9:24 of 2nd period - Snap shot by Florian Xhekaj.
9:24 of 2nd period - Stopped by Joel Hofer with a rebound.
10:04 of 2nd period - Nils Lundkvist is hit by Florian Xhekaj.
10:20 of 2nd period - Snap shot by Connor Carrick.
10:20 of 2nd period - Stopped by Jack Campbell with a rebound.
10:52 of 2nd period - Macklin Celebrini is hit by Jonatan Berggren and loses puck.
11:09 of 2nd period - Minor Penalty to Hunter Drew for Tripping.
11:10 of 2nd period - Connor Zary wins face-off versus Matt Rempe in Flames zone.
11:15 of 2nd period - Snap shot by Yegor Chinakhov.
11:15 of 2nd period - Shot Blocked by Travis Hamonic.
11:44 of 2nd period - Tony DeAngelo is hit by Riley Nash and loses puck.
13:09 of 2nd period - Penalty to Hunter Drew is over, Hunter Drew is back on ice.
13:22 of 2nd period - Off-side.
13:23 of 2nd period - Mike Sgarbossa wins face-off versus Macklin Celebrini in neutral zone.
13:54 of 2nd period - Wrist shot by Adam Fantilli.
13:54 of 2nd period - Stopped by Joel Hofer with a rebound.
14:06 of 2nd period - Slapshot by Nils Hoglander.
14:06 of 2nd period - Shot Misses the Net.
14:26 of 2nd period - Travis Hamonic is hit by Rocco Grimaldi and loses puck.
15:29 of 2nd period - Ben Chiarot is hit by Drake Caggiula and loses puck.
16:06 of 2nd period - Wrist shot by Justin Dowling.
16:06 of 2nd period - Shot Misses the Net.
16:30 of 2nd period - Kevin Stenlund is hit by Yegor Chinakhov and loses puck.
16:59 of 2nd period - Tyler Johnson is hit by Nils Hoglander and loses puck.
17:44 of 2nd period - Icing by Ben Chiarot.
17:45 of 2nd period - Justin Dowling wins face-off versus Darren Raddysh in Flames zone.
17:48 of 2nd period - Snap shot by Jonatan Berggren.
17:48 of 2nd period - Stopped by Jack Campbell with a rebound.
18:53 of 2nd period - Slapshot by Louie Belpedio.
18:53 of 2nd period - Shot Misses the Net.
18:55 of 2nd period - Snap shot by Louie Belpedio.
18:55 of 2nd period - Shot Misses the Net.
19:29 of 2nd period - Snap shot by Mike Sgarbossa.
19:29 of 2nd period - Stopped by Jack Campbell with a rebound.
Goals for this period are 0 for Flames vs 1 for Wild.
Shots for this period are 16 for Flames vs 13 for Wild.

3rd period


0:01 of 3rd period - Andrew Poturalski wins face-off versus Matt Rempe in neutral zone.
0:04 of 3rd period - Wrist shot by Marc Del Gaizo.
0:04 of 3rd period - Shot Blocked by Kevin Connauton.
0:06 of 3rd period - Slapshot by Marc Del Gaizo.
0:06 of 3rd period - Shot Misses the Net.
0:08 of 3rd period - Snap shot by Andrew Poturalski.
0:08 of 3rd period - Stopped by Jack Campbell without a rebound.
0:09 of 3rd period - Andrew Poturalski wins face-off versus Matt Rempe in Flames zone.
0:42 of 3rd period - Slapshot by Travis Hamonic.
0:42 of 3rd period - Stopped by Joel Hofer with a rebound.
0:52 of 3rd period - Snap shot by Seth Griffith.
0:52 of 3rd period - Shot Blocked by Florian Xhekaj.
1:22 of 3rd period - Wrist shot by Andrew Poturalski.
1:22 of 3rd period - Shot Misses the Net.
1:24 of 3rd period - Slapshot by Nils Lundkvist.
1:24 of 3rd period - Deflect By Andrew Poturalski.
1:24 of 3rd period - Shot Misses the Net.
1:24 of 3rd period - Puck is out of play.
1:25 of 3rd period - Adam Henrique wins face-off versus Justin Dowling in Flames zone.
1:41 of 3rd period - Wrist shot by Jonatan Berggren.
1:41 of 3rd period - Stopped by Jack Campbell with a rebound.
1:55 of 3rd period - Slapshot by Adam Fantilli.
1:55 of 3rd period - Deflect By Kevin Stenlund.
1:55 of 3rd period - Shot Misses the Net.
1:55 of 3rd period - Puck is out of play.
1:56 of 3rd period - Adam Fantilli wins face-off versus Mike Sgarbossa in Wild zone.
3:05 of 3rd period - Macklin Celebrini is hit by Marc Del Gaizo and loses puck.
3:24 of 3rd period - Wrist shot by Connor Zary.
3:24 of 3rd period - Stopped by Jack Campbell with a rebound.
4:45 of 3rd period - Snap shot by Andrew Poturalski.
4:45 of 3rd period - Stopped by Jack Campbell with a rebound.
5:41 of 3rd period - Off-side.
5:42 of 3rd period - Adam Henrique wins face-off versus Andrew Poturalski in neutral zone.
6:03 of 3rd period - Slapshot by Nils Lundkvist.
6:03 of 3rd period - Stopped by Jack Campbell with a rebound.
6:05 of 3rd period - Wrist shot by Drake Caggiula.
6:05 of 3rd period - Stopped by Jack Campbell with a rebound.
7:32 of 3rd period - Icing by Macklin Celebrini.
7:33 of 3rd period - Matt Rempe wins face-off versus Justin Dowling in Flames zone.
8:14 of 3rd period - Wrist shot by Yegor Chinakhov.
8:14 of 3rd period - Stopped by Jack Campbell with a rebound.
8:16 of 3rd period - Slapshot by Connor Carrick.
8:16 of 3rd period - Stopped by Jack Campbell with a rebound.
8:32 of 3rd period - Snap shot by Nils Hoglander.
8:32 of 3rd period - Stopped by Jack Campbell with a rebound.
8:46 of 3rd period - Travis Hamonic is hit by Andrew Poturalski.
8:54 of 3rd period - Wrist shot by Kevin Stenlund.
8:54 of 3rd period - Stopped by Joel Hofer without a rebound.
8:55 of 3rd period - Justin Dowling wins face-off versus Hunter Drew in Wild zone.
9:10 of 3rd period - Snap shot by Jonatan Berggren.
9:10 of 3rd period - Goal by Jonatan Berggren - Flames : 1 - Wild : 2.
9:11 of 3rd period - Riley Nash wins face-off versus Justin Bailey in neutral zone.
9:36 of 3rd period - Travis Hamonic is hit by Yegor Chinakhov.
10:04 of 3rd period - Snap shot by Trevor Carrick.
10:04 of 3rd period - Stopped by Jack Campbell without a rebound.
10:05 of 3rd period - Adam Henrique wins face-off versus Connor Zary in Flames zone.
10:05 of 3rd period - Adam Henrique is hit by Justin Bailey.
10:35 of 3rd period - Wrist shot by Yegor Chinakhov.
10:35 of 3rd period - Shot Blocked by Kevin Connauton.
10:42 of 3rd period - Travis Hamonic is hit by Louie Belpedio and loses puck.
10:57 of 3rd period - Slapshot by Macklin Celebrini.
10:57 of 3rd period - Shot Misses the Net.
11:20 of 3rd period - Wrist shot by Nils Hoglander.
11:20 of 3rd period - Stopped by Jack Campbell with a rebound.
11:32 of 3rd period - Nick Leddy is hit by Yegor Chinakhov and loses puck.
12:01 of 3rd period - Mike Sgarbossa is hit by Adam Henrique and loses puck.
12:22 of 3rd period - Jonatan Berggren is hit by Macklin Celebrini and loses puck.
13:34 of 3rd period - Tony DeAngelo is hit by Matt Rempe and loses puck.
14:53 of 3rd period - Icing by Nils Lundkvist.
14:54 of 3rd period - Justin Dowling wins face-off versus Adam Henrique in Wild zone.
15:40 of 3rd period - Slapshot by Kevin Connauton.
15:40 of 3rd period - Deflect By Kevin Stenlund.
15:40 of 3rd period - Shot Misses the Net.
15:40 of 3rd period - Puck is out of play.
15:41 of 3rd period - Justin Dowling wins face-off versus Kevin Stenlund in Wild zone.
16:20 of 3rd period - Slapshot by Macklin Celebrini.
16:20 of 3rd period - Shot Misses the Net.
16:34 of 3rd period - Backhand shot by Macklin Celebrini.
16:34 of 3rd period - Stopped by Joel Hofer with a rebound.
16:36 of 3rd period - Slapshot by Nick Leddy.
16:36 of 3rd period - Deflect By Yegor Chinakhov.
16:36 of 3rd period - Stopped by Joel Hofer with a rebound.
16:38 of 3rd period - Slapshot by Nick Leddy.
16:38 of 3rd period - Stopped by Joel Hofer without a rebound.
16:39 of 3rd period - Andrew Poturalski wins face-off versus Adam Henrique in Wild zone.
16:46 of 3rd period - Nils Hoglander is hit by Riley Nash and loses puck.
17:05 of 3rd period - Travis Hamonic is hit by Mike Sgarbossa and loses puck.
17:24 of 3rd period - Wrist shot by Nils Lundkvist.
17:24 of 3rd period - Stopped by Jack Campbell with a rebound.
17:26 of 3rd period - Slapshot by Nils Lundkvist.
17:26 of 3rd period - Deflect By Justin Bailey.
17:26 of 3rd period - Shot Blocked by Henry Thrun.
17:26 of 3rd period - Puck is out of play.
17:27 of 3rd period - Adam Henrique wins face-off versus Connor Zary in Flames zone.
17:40 of 3rd period - Wrist shot by Adam Fantilli.
17:40 of 3rd period - Shot Misses the Net.
17:42 of 3rd period - Slapshot by Adam Henrique.
17:42 of 3rd period - Shot Misses the Net.
18:20 of 3rd period - Wrist shot by Nils Hoglander.
18:20 of 3rd period - Shot Blocked by Adam Fantilli.
18:22 of 3rd period - Snap shot by Connor Zary.
18:22 of 3rd period - Shot Blocked by Kevin Connauton.
18:24 of 3rd period - Wrist shot by Nils Hoglander.
18:24 of 3rd period - Stopped by Jack Campbell with a rebound.
18:48 of 3rd period - Backhand shot by Hunter Drew.
18:48 of 3rd period - Shot Misses the Net.
18:50 of 3rd period - Snap shot by Matt Rempe.
18:50 of 3rd period - Stopped by Joel Hofer with a rebound.
18:52 of 3rd period - Slapshot by Nick Leddy.
18:52 of 3rd period - Deflect By Hunter Drew.
18:52 of 3rd period - Shot Blocked by Yegor Chinakhov.
18:52 of 3rd period - Puck is out of play.
18:53 of 3rd period - Claude Julien call a timeout for Flames.
18:53 of 3rd period - Connor Zary wins face-off versus Matt Rempe in Wild zone.
19:22 of 3rd period - Flames, Jack Campbell is pulled from the net.
19:28 of 3rd period - Slapshot by Florian Xhekaj.
19:28 of 3rd period - Shot Blocked by Jonatan Berggren.
19:58 of 3rd period - Slapshot by Matt Rempe.
19:58 of 3rd period - Shot Blocked by Nils Lundkvist.
Goals for this period are 0 for Flames vs 1 for Wild.
Shots for this period are 6 for Flames vs 14 for Wild.